 Dungeon Crawl Stone Soup version 0.29.1-14-g9c671dbff4 (webtiles) character file.

Game seed: 12468918895099985682

2069 Ast3rio the Covered (level 9, 0/78 HPs)
             Began as a Hill Orc Fighter on Feb 16, 2023.
             Was a Believer of Beogh.
             Slain by a gnoll
             ... wielding a +2 halberd of venom
             ... led by a gnoll sergeant
              (7 damage)
             ... on level 6 of the Dungeon.
             The game lasted 00:17:40 (6372 turns).

Ast3rio the Covered (Hill Orc Fighter)              Turns: 6372, Time: 00:17:40

Health: 0/78       AC: 23    Str: 23    XL:     9   Next: 26%
Magic:  9/9        EV:  6    Int:  8    God:    Beogh [**....]
Gold:   353        SH:  5    Dex: 10    Spells: 8/8 levels left

rFire   . . .      SeeInvis .   x - +3 falchion
rCold   . . .      Faith    .   c - +0 buckler
rNeg    . . .      Spirit   .   g - +10 plate armour {ponderous}
rPois   .          Reflect  .   (no helmet)
rElec   .          Harm     .   (no cloak)
rCorr   .          Rampage  .   (no gloves)
Will    .....                   (no boots)
Stlth   ..........              (no amulet)
HPRegen 0.23/turn               (no ring)
MPRegen 0.11/turn               (no ring)

@: mighty, lethally poisoned (0 -> -33), slow
A: no striking features
a: Renounce Religion, Smiting


You were on level 6 of the Dungeon.
You worshipped Beogh.
Beogh was pleased with you.
You visited 1 branch of the dungeon, and saw 6 of its levels.

You collected 353 gold pieces.

Inventory:

Hand Weapons
 a - a +0 war axe
 o - a +2 whip of flaming
 x - a +3 falchion (weapon)
 A - a +0 morningstar
Missiles
 z - 3 throwing nets (quivered)
Armour
 b - a +0 scale mail
 c - a +0 buckler (worn)
 g - a +10 plate armour of ponderousness (worn)
 y - a +3 leather armour of willpower
 D - a +2 robe of cold resistance
Magical Staves
 k - a staff of poison
Jewellery
 d - a ring of protection from fire
 m - an amulet of regeneration
 s - a ring of poison resistance
 w - a ring of protection from cold
Wands
 u - a wand of light (28)
Scrolls
 f - a scroll of noise {unknown}
 i - 2 scrolls of summoning {unknown}
 j - 5 scrolls of identify {unknown}
 n - a scroll of immolation
 p - 4 scrolls of teleportation {unknown}
 q - 2 scrolls of magic mapping {unknown}
 r - a scroll of amnesia {unknown}
 t - a scroll of torment {unknown}
 v - a scroll of acquirement {unknown}
 E - a scroll of fog {unknown}
Potions
 e - 3 potions of magic {unknown}
 h - 3 potions of curing {unknown}
 l - 2 potions of berserk rage {unknown}
 C - a potion of invisibility {unknown}


   Skills:
 + Level 6.4 Fighting
 + Level 5.8 Long Blades
 + Level 5.2(6.8) Axes
 + Level 5.6(6.3) Maces & Flails
 + Level 7.0 Armour
 + Level 0.8 Dodging
 + Level 0.5 Stealth
 + Level 5.5 Shields


You had 8 spell levels left.
You didn't know any spells.
Your spell library contained the following spells:

 Spells                   Type           Power      Damage    Failure   Level
 Poisonous Vapours        Pois/Air       0%         N/A       100%        2
 Corpse Rot               Necr/Pois/Air  0%         N/A       100%        4


Dungeon Overview and Level Annotations

Branches:
Dungeon (6/15)
 Temple: D:4-7

Altars:
Ashenzari
Hepliaklqana
Kikubaaqudgha
Makhleb
Nemelex Xobeh
Ru
Vehumet
The Shining One


Message History

The gnoll hits you but does no damage. x2; The gnoll closely misses you.
The gnoll sergeant hits you but does no damage.
You barely miss the gnoll sergeant.
The gnoll sergeant is almost dead.
You feel very sick. The gnoll hits you but does no damage.
The gnoll completely misses you. You block the gnoll's attack.
The gnoll barely misses you. The gnoll hits you with a +0 club.
The gnoll sergeant hits you with a +0 trident.
You hit the gnoll sergeant but do no damage.
The gnoll sergeant is almost dead.
You feel very sick. The gnoll closely misses you.
The gnoll hits you from afar with a +2 halberd of venom!
* * * LOW HITPOINT WARNING * * *
You are lethally poisoned!
The gnoll hits you but does no damage. x2; The gnoll barely misses you.
The gnoll sergeant hits you with a +0 trident.
* * * LOW HITPOINT WARNING * * *
You feel very mighty all of a sudden.
* * * LOW HITPOINT WARNING * * *
You feel very sick. The gnoll barely misses you.
The gnoll hits you from afar with a +2 halberd of venom.
* * * LOW HITPOINT WARNING * * *
You are more poisoned.
The gnoll completely misses you.
The gnoll hits you but does no damage. x2
The gnoll sergeant hits you but does no damage.
You hit the gnoll sergeant.
You kill the gnoll sergeant!
Beogh accepts your kill.
* * * LOW HITPOINT WARNING * * *
You feel extremely sick.
The gnoll hits you but does no damage. x2
You are more poisoned.
The gnoll barely misses you. The gnoll completely misses you.
You block the gnoll's attack.
The gnoll hits you but does no damage. x2
The gnoll completely misses you. The gnoll hits you but does no damage.
The gnoll hits you from afar with a +2 halberd of venom!
You die...

.)........# .##..##...#
#. ##..## #...# # #.
.##..# .... ####.##..
.#..####.....#$..#...
...).........#......#
.......#............#
..)....##.##...g)#..###.
...............g@#......
..)....##.....##ggg#
........#.###......###..
...........#...$......#
......................#
........................
..................##.#.?
#<...............?# .##.
..................# .


You could see 5 gnolls.

Vanquished Creatures
  The ghost of vexzain the Insei, a novice OpTm (D:4)
  The ghost of tizbic2 the Shooter, an amateur DsHu (D:4)
  Prince Ribbit (D:5)
  Eustachio (D:4)
  A black bear (D:6)
  An orc warrior (D:6)
  2 ogres
  A centaur (D:5)
  A kobold brigand (D:5)
  A phantom (D:5)
  A bullfrog (D:6)
  A gnoll sergeant (D:6)
  2 scorpions
  2 orc priests (D:4)
  A gnoll bouda (D:5)
  2 hounds
  2 iguanas
  3 orc wizards (D:6)
  4 gnolls (D:5)
  5 adders
  8 river rats (D:5)
  A white imp (D:5)
  A worm (D:5)
  The ghost of croobank the Sneak, a weakling OpDe (D:4)
  12 orcs
  6 endoplasms
  6 goblins
  3 hobgoblins
  10 kobolds
  11 quokkas
  6 ball pythons
  A bat (D:3)
  9 frilled lizards
  A kobold zombie (D:5)
  23 rats
  A rat zombie (D:5)
134 creatures vanquished.

Vanquished Creatures (others)
  A hobgoblin (D:3)
  5 plants
  A withered plant (D:4)
7 creatures vanquished.

Grand Total: 141 creatures vanquished

Notes
Turn   | Place    | Note
-------+----------+-------------------------------------------
     0 | D:1      | Ast3rio the Hill Orc Fighter began the quest for the Orb.
     0 | D:1      | Reached XP level 1. HP: 19/19 MP: 1/1
   376 | D:1      | Reached XP level 2. HP: 27/27 MP: 2/2
  1303 | D:2      | Found a faded altar of an unknown god.
  1349 | D:2      | Reached XP level 3. HP: 31/33 MP: 3/3
  1893 | D:3      | Found a hazy altar of Hepliaklqana.
  1897 | D:3      | Became a worshipper of Beogh the Brigand
  2184 | D:3      | Found an ancient bone altar of Kikubaaqudgha.
  2396 | D:3      | Reached XP level 4. HP: 34/40 MP: 4/4
  2598 | D:4      | Found a runed translucent gate.
  2598 | D:4      | Found a runed translucent gate.
  2598 | D:4      | Found a runed translucent gate.
  2609 | D:4      | Noticed vexzain's ghost (novice OpTm)
  2609 | D:4      | Noticed croobank's ghost (weakling OpDe)
  2609 | D:4      | Noticed tizbic2's ghost (amateur DsHu)
  2632 | D:4      | Killed tizbic2's ghost
  2633 | D:4      | Reached skill level 4 in Armour
  2633 | D:4      | Reached XP level 5. HP: 10/47 MP: 5/5
  2633 | D:4      | Reached XP level 6. HP: 11/53 MP: 6/6
  2645 | D:4      | Killed vexzain's ghost
  2646 | D:4      | Reached skill level 5 in Fighting
  2646 | D:4      | Reached skill level 5 in Axes
  2646 | D:4      | Reached skill level 5 in Armour
  2646 | D:4      | Reached XP level 7. HP: 15/61 MP: 7/7
  2648 | D:4      | Killed croobank's ghost
  3062 | D:4      | Reached * piety under Beogh
  3495 | D:4      | Noticed Eustachio
  3511 | D:4      | Killed Eustachio
  3512 | D:4      | Reached skill level 5 in Maces & Flails
  3512 | D:4      | Reached XP level 8. HP: 64/68 MP: 8/8
  3579 | D:5      | Entered Level 5 of the Dungeon
  3594 | D:5      | Reached skill level 6 in Armour
  3678 | D:5      | Reached skill level 1 in Long Blades
  3684 | D:5      | HP: 3/69 [frilled lizard (2)]
  4349 | D:5      | Reached ** piety under Beogh
  4350 | D:5      | Reached skill level 5 in Shields
  4496 | D:5      | Found a radiant altar of Vehumet.
  4600 | D:5      | Found a glowing golden altar of the Shining One.
  4679 | D:5      | Noticed Prince Ribbit
  4712 | D:5      | Killed Prince Ribbit
  4958 | D:5      | Found a broken altar of Ashenzari.
  5127 | D:5      | Found a sparkling altar of Nemelex Xobeh.
  5127 | D:5      | Found a burning altar of Makhleb.
  5128 | D:5      | Found a sacrificial altar of Ru.
  5547 | D:6      | Reached XP level 9. HP: 67/75 MP: 9/9
  5706 | D:6      | Reached skill level 5 in Long Blades
  6242 | D:6      | Reached skill level 7 in Armour
  6372 | D:6      | Slain by a gnoll

Illustrated notes

Levels and vault maps discovered:
D:1:      dpeg_arrival_oval, layout_basic, nicolae_titane
D:2:      layout_loops_ring, serial_rivers, chequers_serial_rivers_room_b,
          chequers_serial_rivers_small_a, chequers_serial_rivers_micro_c,
          chequers_serial_rivers_small_a, hellmonk_ecumenical_altar_blasted
D:3:      layout_basic, mainiacjoe_overflow_cross_hatched,
          lemuel_coloured_pillars_altar, serial_bayou_ford_a
D:4:      layout_basic, gammafunk_ghost_cemetery, uniq_eustachio
D:5:      lemuel_ratsnest, layout_cave_pools,
          mainiacjoe_overflow_small_starburst,
          mainiacjoe_overflow_six_doors_small, mainiacjoe_overflow_alcove_4,
          gammafunk_temple_overflow_claw, enter_ossuary_3,
          lexackson_kobold_supper, uniq_prince_ribbit1
D:6:      minmay_goblin_kobold_castle, layout_cave_pools,
          roderic_serpentine_path

Skill      XL: |  1  2  3  4  5  6  7  8  9 |
---------------+----------------------------+-----
Axes           | 3 4 5 |  5.2
Fighting       | 4 5 6 |  6.4
Maces & Flails | 2 3 5 |  5.6
Armour         | 4 5 6 7 |  7.0
Shields        | 4 5 |  5.5
Long Blades    | 4 5 |  5.8
Dodging        | |  0.8
Stealth        | |  0.5

Action                   |  1- 3 |  4- 6 |  7- 9 || total
-------------------------+-------+-------+-------++-------
Melee: War axe           |    72 |       |       ||    72
       Whip              |    48 |    30 |    49 ||   127
       Falchion          |       |       |   393 ||   393
Invok: Convert to Beogh  |     1 |       |       ||     1
  Use: Potion            |       |     1 |     2 ||     3
Armor: Scale mail        |     4 |       |       ||     4
       Plate armour      |    80 |    50 |   683 ||   813
Dodge: Dodged            |    35 |    12 |   235 ||   282
Block: Buckler           |    22 |    11 |   185 ||   218
